Philadelphia Phantoms vs Adelaide Pink Elephants
Created - Saturday, August 31, 2024 at 08:23
Goals
|
| Philadelphia Phantoms |
2 |
2 |
1 |
5 |
| Adelaide Pink Elephants |
1 |
1 |
1 |
3 |
|
Shots
|
| Philadelphia Phantoms |
20 |
15 |
13 |
48 |
| Adelaide Pink Elephants |
13 |
5 |
3 |
21 |
|
1st period
1. Philadelphia Phantoms , Ryan Winterton 2 (Brett Murray 3, Tye Kartye 4) at 10:26
2. Philadelphia Phantoms , Brett Murray 3 (Marcus Bjork 2, Ryan Winterton 4) at 16:06 (PP)
3. Adelaide Pink Elephants , Colton Dach 2 (Ryan Suzuki 4) at 19:35
Penalties :
Adam Klapka (PHP) for Slashing (Minor) at 3:44, Ilya Solovyov (APE) for Goalie Interference (Minor) at 12:08, Ville Heinola (APE) for Slashing (Minor) at 15:29, Casey Fitzgerald (PHP) for Hooking (Minor) at 19:42
2nd period
4. Philadelphia Phantoms , Tye Kartye 4 (Tyler Kleven 3) at 8:39
5. Adelaide Pink Elephants , Akil Thomas 5 (Daemon Hunt 5, Noah Cates 3) at 9:46
6. Philadelphia Phantoms , Nils Aman 1 (Pontus Holmberg 6, James Malatesta 3) at 10:02
Penalties :
No Penalty
3rd period
7. Adelaide Pink Elephants , Cal Clutterbuck 7 (Noah Cates 4, Denis Gurianov 8) at 14:00
8. Philadelphia Phantoms , William Borgen 1 (Alex Steeves 1, Juuso Parssinen 3) at 18:59 (PP)
Penalties :
Brett Murray (PHP) for Delaying the game (Minor) at 4:13, Adam Klapka (PHP) for Roughing (Minor) at 10:18, Nick Cicek (APE) for Holding (Minor) at 18:20
Goalie Stats
Dennis Hildeby (PHP), 18 saves from 21 shots - (0.857), W, 2-3-0, 60:00 minutes
Daniel Vladar (APE), 43 saves from 48 shots - (0.896), L, 1-1-0, 60:00 minutes
Players Stats for Philadelphia Phantoms
Player Name G A P +/- PIM S H SB GA TA FO MP PP MP PK MP
------------------------------------------------------------------------------------
Adam Klapka 0 0 0 -1 4 2 0 0 0 0 4/15 14:47 0:00 1:59
Alex Steeves 0 1 1 -1 0 4 2 0 1 0 0/0 13:40 1:39 0:00
Brandon Duhaime 0 0 0 -1 0 5 3 0 2 0 0/1 16:44 0:00 3:28
Brett Murray 1 1 2 2 2 2 3 0 0 0 0/2 14:10 1:36 0:37
Casey Fitzgerald 0 0 0 1 2 0 0 0 0 0 0/0 15:31 0:00 0:00
Egor Afanasyev 0 0 0 -1 0 4 0 0 0 0 3/8 13:40 1:39 0:00
James Malatesta 0 1 1 0 0 2 1 0 1 0 0/1 11:10 0:00 0:00
Jaret Anderson-Dolan 0 0 0 -1 0 2 2 0 0 0 0/0 11:52 0:00 0:00
Juuso Parssinen 0 1 1 -1 0 6 2 0 1 0 0/0 14:10 1:39 0:24
Marcus Bjork 0 1 1 0 0 3 1 1 0 0 0/0 22:56 1:49 3:36
Nick Blankenburg 0 0 0 -1 0 1 0 1 0 1 0/0 22:25 1:26 4:20
Nils Aman 1 0 1 0 0 4 0 0 0 0 0/0 15:48 0:00 3:51
Pontus Holmberg 0 1 1 0 0 3 1 0 1 0 8/17 17:29 0:00 4:06
Ryan Johnson 0 0 0 0 0 1 0 3 0 1 0/0 22:45 1:49 3:36
Ryan Winterton 1 1 2 2 0 2 2 2 0 0 2/8 14:28 1:36 1:27
Tye Kartye 1 1 2 2 0 1 0 1 1 1 0/0 12:32 1:36 0:00
Tyler Kleven 0 1 1 1 0 0 0 3 1 0 0/0 15:28 0:00 0:00
William Borgen 1 0 1 -1 0 6 0 0 0 0 0/0 22:25 1:26 4:20
Players Stats for Adelaide Pink Elephants
Player Name G A P +/- PIM S H SB GA TA FO MP PP MP PK MP
------------------------------------------------------------------------------------
Akil Thomas 1 0 1 1 0 3 3 1 0 0 2/6 21:41 3:50 0:00
Ben Gleason 0 0 0 1 0 0 0 0 0 0 0/0 12:20 0:00 0:23
Cal Clutterbuck 1 0 1 2 0 1 1 0 1 1 4/4 24:01 4:04 1:46
Caleb Jones 0 0 0 0 0 0 0 1 0 0 0/0 20:49 4:07 1:15
Colton Dach 1 0 1 -2 0 3 1 0 0 2 1/1 15:15 0:00 0:00
Daemon Hunt 0 1 1 0 0 0 1 0 0 1 0/0 20:46 4:07 1:15
Denis Gurianov 0 1 1 1 0 5 0 0 0 0 2/2 19:59 4:04 1:21
Francesco Pinelli 0 0 0 0 0 0 0 0 0 0 0/0 1:39 0:02 0:00
Fredrik Olofsson 0 0 0 0 0 3 1 1 0 1 10/15 19:24 3:50 1:21
Ilya Solovyov 0 0 0 -2 2 0 0 0 0 1 0/0 19:52 3:49 1:16
Nick Cicek 0 0 0 1 2 0 1 0 0 0 0/0 7:25 0:00 0:21
Noah Cates 0 2 2 2 0 1 1 1 1 0 10/15 24:10 4:04 1:46
Robin Salo 0 0 0 1 0 0 0 1 0 1 0/0 11:57 0:00 0:00
Ryan Suzuki 0 1 1 -2 0 2 0 0 0 0 6/9 15:45 0:02 0:00
Sean Farrell 0 0 0 0 0 2 1 0 1 0 0/0 18:20 3:50 0:08
Tristen Robins 0 0 0 -2 0 0 1 1 0 0 0/0 16:03 0:02 0:08
Ville Heinola 0 0 0 1 2 0 0 0 0 0 0/0 6:32 0:00 0:00
William Wallinder 0 0 0 -2 0 1 1 1 0 1 0/0 20:44 3:49 2:00
3 Stars
1 - Ryan Winterton (PHP)
2 - Tye Kartye (PHP)
3 - Brett Murray (PHP)
Power Play
Philadelphia Phantoms - 2 on 3 Attempt(s) - 66.67%
Adelaide Pink Elephants - 0 on 4 Attempt(s) - 0.00%
Penalty Kill
Philadelphia Phantoms - 4 on 4 Attempt(s) - 100.00%
- Score 0 goal in Penalty Kill
Adelaide Pink Elephants - 1 on 3 Attempt(s) - 33.33%
- Score 0 goal in Penalty Kill
Team Stat
Philadelphia Phantoms - Hits : 17 - Faceoff Wins : 17 - Blocked Shots : 11 - Penalty Minutes : 8
Adelaide Pink Elephants - Hits : 12 - Faceoff Wins : 35 - Blocked Shots : 7 - Penalty Minutes : 6
Official
Referees : Chris Lee and Gord Dwyer
Linesman : Libor Suchanek and Ryan Galloway
Game Notes
10:26 of 1st period - Philadelphia Phantoms goal is going for a video replay. After video review, Goal.
Philadelphia Phantoms
5 vs 5 Forward
Center Left Wing Right Wing Time % Phy DF OF
1 Egor Afanasyev Juuso Parssinen Alex Steeves 25 1 1 3
2 Ryan Winterton Tye Kartye Brett Murray 25 1 1 3
3 Pontus Holmberg James Malatesta Nils Aman 25 1 1 3
4 Adam Klapka Brandon Duhaime Jaret Anderson-Dolan 25 1 1 3
5 vs 5 Defense
Defense Defense Time % Phy DF OF
1 William Borgen Nick Blankenburg 35 1 2 2
2 Ryan Johnson Marcus Bjork 35 1 2 2
3 Tyler Kleven Casey Fitzgerald 30 1 2 2
4 William Borgen Nick Blankenburg 0 1 2 2
PowerPlay Forward
Center Left Wing Right Wing Time % Phy DF OF
1 Egor Afanasyev Juuso Parssinen Alex Steeves 50 0 1 4
2 Ryan Winterton Tye Kartye Brett Murray 50 0 1 4
PowerPlay Defense
Defense Defense Time % Phy DF OF
1 William Borgen Nick Blankenburg 50 1 1 3
2 Ryan Johnson Marcus Bjork 50 1 1 3
Penalty Kill 4 Players Forward
Center Wing Time % Phy DF OF
1 Pontus Holmberg Brandon Duhaime 50 1 3 1
2 Adam Klapka Nils Aman 50 1 3 1
Penalty Kill 4 Players Defense
Defense Defense Time % Phy DF OF
1 William Borgen Nick Blankenburg 50 1 3 1
2 Ryan Johnson Marcus Bjork 50 1 3 1
Penalty Kill - 3 Players Forward
Forward Time % Phy DF OF
1 Pontus Holmberg 50 1 4 0
2 Brandon Duhaime 50 1 4 0
Penalty Kill - 3 Players Defense
Defense Defense Time % Phy DF OF
1 William Borgen Nick Blankenburg 50 1 4 0
2 Ryan Johnson Marcus Bjork 50 1 4 0
4 vs 4 Forward
Center Wing Time % Phy DF OF
1 Egor Afanasyev Juuso Parssinen 50 1 1 3
2 Ryan Winterton Tye Kartye 50 1 1 3
4 vs 4 Defense
Defense Defense Time % Phy DF OF
1 William Borgen Nick Blankenburg 50 1 2 2
2 Ryan Johnson Marcus Bjork 50 1 2 2
Last Minutes Offensive
Center Left Wing Right Wing Defense Defense
Juuso Parssinen Brandon Duhaime Adam Klapka William Borgen Nick Blankenburg
Last Minutes Defensive
Center Left Wing Right Wing Defense Defense
Pontus Holmberg Brandon Duhaime Nils Aman William Borgen Nick Blankenburg
Goaltenders
Starting : Dennis Hildeby
Backup : Spencer Martin
Extra Forwards
Normal : Ryan Winterton, Brett Murray, Pontus Holmberg - PP : Ryan Winterton, Brett Murray - PK : Pontus Holmberg
Extra Defensemen
Normal : Tyler Kleven, Casey Fitzgerald, Marcus Bjork - PP : Tyler Kleven - PK : Casey Fitzgerald, Marcus Bjork
Penalty Shots
Juuso Parssinen, Brandon Duhaime, Egor Afanasyev, Tye Kartye, Adam Klapka
Scratches
Albert Johansson (Healthy), Filip Cederqvist (Healthy), Tyrel Bauer (Healthy), Marcel Marcel (Healthy), Matthew Seminoff (Healthy)
Ryan Hofer (Healthy), Josh Lopina (Healthy), Lukas Rousek (Healthy), Devin Cooley (Healthy)
Adelaide Pink Elephants
5 vs 5 Forward
Center Left Wing Right Wing Time % Phy DF OF
1 Noah Cates Denis Gurianov Cal Clutterbuck 30 1 2 2
2 Fredrik Olofsson Sean Farrell Akil Thomas 30 1 2 2
3 Ryan Suzuki Colton Dach Tristen Robins 25 1 2 2
4 Akil Thomas Cal Clutterbuck Noah Cates 15 1 2 2
5 vs 5 Defense
Defense Defense Time % Phy DF OF
1 Caleb Jones Daemon Hunt 30 1 2 2
2 Ilya Solovyov William Wallinder 30 1 2 2
3 Robin Salo Ben Gleason 25 1 2 2
4 Nick Cicek Ville Heinola 15 1 2 2
PowerPlay Forward
Center Left Wing Right Wing Time % Phy DF OF
1 Noah Cates Denis Gurianov Cal Clutterbuck 50 1 2 2
2 Fredrik Olofsson Sean Farrell Akil Thomas 50 1 2 2
PowerPlay Defense
Defense Defense Time % Phy DF OF
1 Caleb Jones Daemon Hunt 50 1 2 2
2 Ilya Solovyov William Wallinder 50 1 2 2
Penalty Kill 4 Players Forward
Center Wing Time % Phy DF OF
1 Cal Clutterbuck Noah Cates 50 1 2 2
2 Denis Gurianov Fredrik Olofsson 50 1 2 2
Penalty Kill 4 Players Defense
Defense Defense Time % Phy DF OF
1 Caleb Jones Daemon Hunt 50 1 2 2
2 Ilya Solovyov William Wallinder 50 1 2 2
Penalty Kill - 3 Players Forward
Forward Time % Phy DF OF
1 Cal Clutterbuck 50 1 2 2
2 Noah Cates 50 1 2 2
Penalty Kill - 3 Players Defense
Defense Defense Time % Phy DF OF
1 Caleb Jones Daemon Hunt 50 1 2 2
2 Ilya Solovyov William Wallinder 50 1 2 2
4 vs 4 Forward
Center Wing Time % Phy DF OF
1 Cal Clutterbuck Noah Cates 50 1 2 2
2 Denis Gurianov Fredrik Olofsson 50 1 2 2
4 vs 4 Defense
Defense Defense Time % Phy DF OF
1 Caleb Jones Daemon Hunt 50 1 2 2
2 Ilya Solovyov William Wallinder 50 1 2 2
Last Minutes Offensive
Center Left Wing Right Wing Defense Defense
Noah Cates Denis Gurianov Cal Clutterbuck Caleb Jones Daemon Hunt
Last Minutes Defensive
Center Left Wing Right Wing Defense Defense
Noah Cates Denis Gurianov Cal Clutterbuck Caleb Jones Daemon Hunt
Goaltenders
Starting : Daniel Vladar
Backup : Antti Raanta
Extra Forwards
Normal : Francesco Pinelli, Ryan Suzuki, Tristen Robins - PP : Francesco Pinelli, Ryan Suzuki - PK : Tristen Robins
Extra Defensemen
Normal : Robin Salo, Ben Gleason, Nick Cicek - PP : Robin Salo - PK : Ben Gleason, Nick Cicek
Penalty Shots
Cal Clutterbuck, Noah Cates, Denis Gurianov, Fredrik Olofsson, Ryan Suzuki
Scratches
Kyle Masters (Healthy), Brett Harrison (Healthy), Jakub Brabenec (Healthy), Ryder Korczak (Healthy), Philippe Daoust (Healthy)
Matthew Murray (Healthy)
% Time on Ice - Philadelphia Phantoms
Lines # - Real PCT - Wanted PCT - Time Play
Normal Forward
1 - 29% - 25% - 13:55
2 - 24% - 25% - 11:52
3 - 23% - 25% - 11:10
4 - 24% - 25% - 11:52
Normal Defense
1 - 34% - 35% - 16:39
2 - 36% - 35% - 17:20
3 - 30% - 30% - 14:50
4 - 0% - 0% - 0:00
PP Forward
1 - 51% - 50% - 1:39
2 - 49% - 50% - 1:36
PP Defense
1 - 44% - 50% - 1:26
2 - 56% - 50% - 1:49
PK Forward
1 - 44% - 50% - 3:28
2 - 56% - 50% - 4:28
PK Defense
1 - 55% - 50% - 4:20
2 - 45% - 50% - 3:36
PK3 Forward
1 - 0% - 50%
2 - 0% - 50%
PK3 Defense
1 - 0% - 50%
2 - 0% - 50%
44 Forward
1 - 0% - 50%
2 - 0% - 50%
44 Defense
1 - 0% - 50%
2 - 0% - 50%
Last Minute Offensive - 0:00
Last Minute Defensive - 0:00
Total
Forward - 60:00
Defense - 60:00
|
% Time on Ice - Adelaide Pink Elephants
Lines # - Real PCT - Wanted PCT - Time Play
Normal Forward
1 - 30% - 30% - 14:51
2 - 29% - 30% - 14:22
3 - 32% - 25% - 15:28
4 - 8% - 15% - 4:08
Normal Defense
1 - 32% - 30% - 15:24
2 - 31% - 30% - 14:55
3 - 24% - 25% - 11:57
4 - 13% - 15% - 6:33
PP Forward
1 - 52% - 50% - 4:06
2 - 48% - 50% - 3:50
PP Defense
1 - 52% - 50% - 4:07
2 - 48% - 50% - 3:49
PK Forward
1 - 54% - 50% - 1:46
2 - 46% - 50% - 1:29
PK Defense
1 - 38% - 50% - 1:15
2 - 62% - 50% - 2:00
PK3 Forward
1 - 0% - 50%
2 - 0% - 50%
PK3 Defense
1 - 0% - 50%
2 - 0% - 50%
44 Forward
1 - 0% - 50%
2 - 0% - 50%
44 Defense
1 - 0% - 50%
2 - 0% - 50%
Last Minute Offensive - 0:00
Last Minute Defensive - 0:00
Total
Forward - 60:00
Defense - 60:00
|
Play-by-Play
1st period
0:01 of 1st period - Egor Afanasyev wins face-off versus Noah Cates in neutral zone.
0:06 of 1st period - Slapshot by Egor Afanasyev.
0:06 of 1st period - Shot Misses the Net.
0:31 of 1st period - Off-side.
0:32 of 1st period - Pontus Holmberg wins face-off versus Fredrik Olofsson in neutral zone.
0:35 of 1st period - Wrist shot by Akil Thomas.
0:35 of 1st period - Shot Blocked by Ryan Johnson.
0:48 of 1st period - Wrist shot by Sean Farrell.
0:48 of 1st period - Stopped by Dennis Hildeby with a rebound.
1:14 of 1st period - Wrist shot by Akil Thomas.
1:14 of 1st period - Stopped by Dennis Hildeby with a rebound.
1:16 of 1st period - Wrist shot by Akil Thomas.
1:16 of 1st period - Deflect By Fredrik Olofsson.
1:16 of 1st period - Shot Misses the Net.
1:16 of 1st period - Puck is out of play.
1:17 of 1st period - Ryan Suzuki wins face-off versus Adam Klapka in Philadelphia Phantoms zone.
1:52 of 1st period - Wrist shot by Denis Gurianov.
1:52 of 1st period - Shot Blocked by Ryan Winterton.
1:54 of 1st period - Wrist shot by Noah Cates.
1:54 of 1st period - Shot Blocked by Tyler Kleven.
2:06 of 1st period - Snap shot by Egor Afanasyev.
2:06 of 1st period - Stopped by Daniel Vladar without a rebound.
2:07 of 1st period - Ryan Suzuki wins face-off versus Egor Afanasyev in Adelaide Pink Elephants zone.
3:16 of 1st period - Slapshot by Egor Afanasyev.
3:16 of 1st period - Stopped by Daniel Vladar with a rebound.
3:22 of 1st period - Wrist shot by Egor Afanasyev.
3:22 of 1st period - Stopped by Daniel Vladar without a rebound.
3:23 of 1st period - Ryan Suzuki wins face-off versus Adam Klapka in Adelaide Pink Elephants zone.
3:23 of 1st period - Ryan Suzuki is hit by Brandon Duhaime.
3:44 of 1st period - Minor Penalty to Adam Klapka for Slashing.
3:45 of 1st period - Pontus Holmberg wins face-off versus Noah Cates in Philadelphia Phantoms zone.
4:21 of 1st period - Wrist shot by Akil Thomas.
4:21 of 1st period - Shot Blocked by Marcus Bjork.
4:23 of 1st period - Slapshot by Akil Thomas.
4:23 of 1st period - Stopped by Dennis Hildeby with a rebound.
5:34 of 1st period - Icing by Akil Thomas.
5:35 of 1st period - Pontus Holmberg wins face-off versus Fredrik Olofsson in Adelaide Pink Elephants zone.
5:44 of 1st period - Penalty to Adam Klapka is over, Adam Klapka is back on ice.
7:18 of 1st period - Off-side.
7:19 of 1st period - Egor Afanasyev wins face-off versus Fredrik Olofsson in neutral zone.
7:22 of 1st period - Sean Farrell is hit by Juuso Parssinen and loses puck.
7:29 of 1st period - Snap shot by Juuso Parssinen.
7:29 of 1st period - Shot Misses the Net.
7:31 of 1st period - Snap shot by Egor Afanasyev.
7:31 of 1st period - Shot Misses the Net.
9:01 of 1st period - Ryan Winterton is hit by Akil Thomas and loses puck.
9:20 of 1st period - Slapshot by Pontus Holmberg.
9:20 of 1st period - Shot Misses the Net.
9:44 of 1st period - Backhand shot by Adam Klapka.
9:44 of 1st period - Shot Misses the Net.
9:46 of 1st period - Slapshot by William Borgen.
9:46 of 1st period - Stopped by Daniel Vladar without a rebound.
9:47 of 1st period - Adam Klapka wins face-off versus Fredrik Olofsson in Adelaide Pink Elephants zone.
9:50 of 1st period - Wrist shot by Jaret Anderson-Dolan.
9:50 of 1st period - Stopped by Daniel Vladar with a rebound.
10:24 of 1st period - Snap shot by Brett Murray.
10:24 of 1st period - Shot Blocked by Tristen Robins.
10:26 of 1st period - Snap shot by Ryan Winterton.
10:26 of 1st period - Philadelphia Phantoms goal is going for a video replay.
10:26 of 1st period - The goal is good.
10:26 of 1st period - Goal by Ryan Winterton - Philadelphia Phantoms : 1 - Adelaide Pink Elephants : 0.
10:27 of 1st period - Pontus Holmberg wins face-off versus Akil Thomas in neutral zone.
10:30 of 1st period - Wrist shot by James Malatesta.
10:30 of 1st period - Shot Misses the Net.
10:32 of 1st period - Wrist shot by Pontus Holmberg.
10:32 of 1st period - Stopped by Daniel Vladar with a rebound.
10:34 of 1st period - Snap shot by Nils Aman.
10:34 of 1st period - Stopped by Daniel Vladar with a rebound.
10:36 of 1st period - Wrist shot by Pontus Holmberg.
10:36 of 1st period - Shot Misses the Net.
11:03 of 1st period - Wrist shot by Colton Dach.
11:03 of 1st period - Stopped by Dennis Hildeby without a rebound.
11:04 of 1st period - Fredrik Olofsson wins face-off versus Adam Klapka in Philadelphia Phantoms zone.
11:13 of 1st period - Wrist shot by Brandon Duhaime.
11:13 of 1st period - Stopped by Daniel Vladar with a rebound.
11:15 of 1st period - Slapshot by William Borgen.
11:15 of 1st period - Shot Misses the Net.
11:17 of 1st period - Slapshot by William Borgen.
11:17 of 1st period - Stopped by Daniel Vladar with a rebound.
11:19 of 1st period - Slapshot by William Borgen.
11:19 of 1st period - Deflect By Fredrik Olofsson.
11:19 of 1st period - Stopped by Daniel Vladar without a rebound.
11:20 of 1st period - Noah Cates wins face-off versus Pontus Holmberg in Adelaide Pink Elephants zone.
11:25 of 1st period - Snap shot by Cal Clutterbuck.
11:25 of 1st period - Shot Misses the Net.
11:27 of 1st period - Snap shot by Denis Gurianov.
11:27 of 1st period - Shot Misses the Net.
11:29 of 1st period - Snap shot by Cal Clutterbuck.
11:29 of 1st period - Shot Misses the Net.
11:35 of 1st period - Wrist shot by Denis Gurianov.
11:35 of 1st period - Stopped by Dennis Hildeby without a rebound.
11:36 of 1st period - Fredrik Olofsson wins face-off versus Ryan Winterton in Philadelphia Phantoms zone.
11:44 of 1st period - Icing by Marcus Bjork.
11:45 of 1st period - Fredrik Olofsson wins face-off versus Ryan Winterton in Philadelphia Phantoms zone.
11:56 of 1st period - Fredrik Olofsson is hit by Marcus Bjork and loses puck.
12:01 of 1st period - Snap shot by Tye Kartye.
12:01 of 1st period - Shot Misses the Net.
12:03 of 1st period - Snap shot by Marcus Bjork.
12:03 of 1st period - Shot Misses the Net.
12:05 of 1st period - Slapshot by Ryan Johnson.
12:05 of 1st period - Stopped by Daniel Vladar without a rebound.
12:06 of 1st period - Noah Cates wins face-off versus Adam Klapka in Adelaide Pink Elephants zone.
12:08 of 1st period - Minor Penalty to Ilya Solovyov for Goalie Interference.
12:09 of 1st period - Cal Clutterbuck wins face-off versus Egor Afanasyev in Adelaide Pink Elephants zone.
12:35 of 1st period - Noah Cates is hit by Ryan Winterton and loses puck.
14:06 of 1st period - Ryan Johnson is hit by William Wallinder and loses puck.
14:08 of 1st period - Penalty to Ilya Solovyov is over, Ilya Solovyov is back on ice.
14:20 of 1st period - Off-side.
14:21 of 1st period - Ryan Suzuki wins face-off versus Brandon Duhaime in neutral zone.
14:24 of 1st period - Wrist shot by Ryan Suzuki.
14:24 of 1st period - Shot Misses the Net.
15:29 of 1st period - Minor Penalty to Ville Heinola for Slashing.
15:30 of 1st period - Denis Gurianov wins face-off versus Egor Afanasyev in Adelaide Pink Elephants zone.
16:04 of 1st period - Snap shot by Ryan Winterton.
16:04 of 1st period - Stopped by Daniel Vladar with a rebound.
16:06 of 1st period - Slapshot by Marcus Bjork.
16:06 of 1st period - Deflect By Brett Murray.
16:06 of 1st period - Goal by Brett Murray - Philadelphia Phantoms : 2 - Adelaide Pink Elephants : 0.
16:07 of 1st period - Egor Afanasyev wins face-off versus Noah Cates in neutral zone.
16:12 of 1st period - Wrist shot by Juuso Parssinen.
16:12 of 1st period - Stopped by Daniel Vladar with a rebound.
16:15 of 1st period - Icing by Daemon Hunt.
16:16 of 1st period - Noah Cates wins face-off versus Egor Afanasyev in Adelaide Pink Elephants zone.
16:51 of 1st period - Wrist shot by Egor Afanasyev.
16:51 of 1st period - Stopped by Daniel Vladar with a rebound.
17:21 of 1st period - Slapshot by Alex Steeves.
17:21 of 1st period - Stopped by Daniel Vladar with a rebound.
17:35 of 1st period - Wrist shot by Egor Afanasyev.
17:35 of 1st period - Shot Misses the Net.
17:49 of 1st period - Wrist shot by Denis Gurianov.
17:49 of 1st period - Stopped by Dennis Hildeby with a rebound.
17:51 of 1st period - Wrist shot by Cal Clutterbuck.
17:51 of 1st period - Shot Blocked by Ryan Johnson.
17:53 of 1st period - Slapshot by Denis Gurianov.
17:53 of 1st period - Stopped by Dennis Hildeby with a rebound.
17:55 of 1st period - Snap shot by Denis Gurianov.
17:55 of 1st period - Shot Misses the Net.
17:57 of 1st period - Slapshot by Caleb Jones.
17:57 of 1st period - Shot Blocked by Ryan Johnson.
17:59 of 1st period - Snap shot by Noah Cates.
17:59 of 1st period - Stopped by Dennis Hildeby with a rebound.
18:01 of 1st period - Snap shot by Denis Gurianov.
18:01 of 1st period - Stopped by Dennis Hildeby without a rebound.
18:02 of 1st period - Fredrik Olofsson wins face-off versus Pontus Holmberg in Philadelphia Phantoms zone.
18:05 of 1st period - Wrist shot by Akil Thomas.
18:05 of 1st period - Deflect By Fredrik Olofsson.
18:05 of 1st period - Stopped by Dennis Hildeby with a rebound.
18:17 of 1st period - Wrist shot by James Malatesta.
18:17 of 1st period - Stopped by Daniel Vladar without a rebound.
18:18 of 1st period - Adam Klapka wins face-off versus Ryan Suzuki in Adelaide Pink Elephants zone.
18:21 of 1st period - Snap shot by Brandon Duhaime.
18:21 of 1st period - Deflect By Adam Klapka.
18:21 of 1st period - Stopped by Daniel Vladar with a rebound.
18:23 of 1st period - Slapshot by Nick Blankenburg.
18:23 of 1st period - Stopped by Daniel Vladar without a rebound.
18:24 of 1st period - Adam Klapka wins face-off versus Ryan Suzuki in Adelaide Pink Elephants zone.
18:59 of 1st period - Slapshot by James Malatesta.
18:59 of 1st period - Shot Blocked by Fredrik Olofsson.
19:02 of 1st period - Icing by Fredrik Olofsson.
19:03 of 1st period - Fredrik Olofsson wins face-off versus Brett Murray in Adelaide Pink Elephants zone.
19:03 of 1st period - Fredrik Olofsson is hit by Brett Murray.
19:23 of 1st period - Snap shot by Sean Farrell.
19:23 of 1st period - Shot Blocked by Tye Kartye.
19:25 of 1st period - Snap shot by Fredrik Olofsson.
19:25 of 1st period - Stopped by Dennis Hildeby with a rebound.
19:27 of 1st period - Slapshot by Ilya Solovyov.
19:27 of 1st period - Deflect By Sean Farrell.
19:27 of 1st period - Stopped by Dennis Hildeby with a rebound.
19:29 of 1st period - Slapshot by Ilya Solovyov.
19:29 of 1st period - Deflect By Fredrik Olofsson.
19:29 of 1st period - Shot Blocked by Ryan Winterton.
19:29 of 1st period - Puck is out of play.
19:30 of 1st period - Colton Dach wins face-off versus Adam Klapka in Philadelphia Phantoms zone.
19:35 of 1st period - Snap shot by Colton Dach.
19:35 of 1st period - Goal by Colton Dach - Philadelphia Phantoms : 2 - Adelaide Pink Elephants : 1.
19:36 of 1st period - Cal Clutterbuck wins face-off versus Pontus Holmberg in neutral zone.
19:42 of 1st period - Minor Penalty to Casey Fitzgerald for Hooking.
19:43 of 1st period - Fredrik Olofsson wins face-off versus Pontus Holmberg in Philadelphia Phantoms zone.
Goals for this period are 2 for Philadelphia Phantoms vs 1 for Adelaide Pink Elephants.
Shots for this period are 20 for Philadelphia Phantoms vs 13 for Adelaide Pink Elephants.
2nd period
0:01 of 2nd period - Noah Cates wins face-off versus Pontus Holmberg in neutral zone.
1:14 of 2nd period - Off-side.
1:15 of 2nd period - Fredrik Olofsson wins face-off versus Adam Klapka in neutral zone.
1:42 of 2nd period - Penalty to Casey Fitzgerald is over, Casey Fitzgerald is back on ice.
1:52 of 2nd period - Snap shot by Colton Dach.
1:52 of 2nd period - Stopped by Dennis Hildeby with a rebound.
2:56 of 2nd period - Snap shot by Brandon Duhaime.
2:56 of 2nd period - Stopped by Daniel Vladar with a rebound.
3:12 of 2nd period - Snap shot by Brandon Duhaime.
3:12 of 2nd period - Stopped by Daniel Vladar without a rebound.
3:13 of 2nd period - Akil Thomas wins face-off versus Ryan Winterton in Adelaide Pink Elephants zone.
3:47 of 2nd period - Slapshot by Juuso Parssinen.
3:47 of 2nd period - Stopped by Daniel Vladar with a rebound.
3:49 of 2nd period - Slapshot by Marcus Bjork.
3:49 of 2nd period - Stopped by Daniel Vladar with a rebound.
4:06 of 2nd period - Icing by Tye Kartye.
4:07 of 2nd period - Ryan Winterton wins face-off versus Fredrik Olofsson in Philadelphia Phantoms zone.
4:07 of 2nd period - Ryan Winterton is hit by Sean Farrell.
5:00 of 2nd period - Snap shot by Fredrik Olofsson.
5:00 of 2nd period - Stopped by Dennis Hildeby with a rebound.
6:23 of 2nd period - Wrist shot by Alex Steeves.
6:23 of 2nd period - Stopped by Daniel Vladar without a rebound.
6:24 of 2nd period - Fredrik Olofsson wins face-off versus Egor Afanasyev in Adelaide Pink Elephants zone.
6:55 of 2nd period - Slapshot by Noah Cates.
6:55 of 2nd period - Shot Misses the Net.
8:33 of 2nd period - Wrist shot by Nils Aman.
8:33 of 2nd period - Deflect By Tye Kartye.
8:33 of 2nd period - Shot Misses the Net.
8:33 of 2nd period - Puck is out of play.
8:34 of 2nd period - Ryan Suzuki wins face-off versus Ryan Winterton in Adelaide Pink Elephants zone.
8:34 of 2nd period - Colton Dach is hit by Brett Murray and loses puck.
8:39 of 2nd period - Slapshot by Tye Kartye.
8:39 of 2nd period - Goal by Tye Kartye - Philadelphia Phantoms : 3 - Adelaide Pink Elephants : 1.
8:40 of 2nd period - Adam Klapka wins face-off versus Akil Thomas in neutral zone.
8:49 of 2nd period - Snap shot by Brandon Duhaime.
8:49 of 2nd period - Shot Blocked by Caleb Jones.
9:05 of 2nd period - Akil Thomas is hit by Brett Murray and loses puck.
9:16 of 2nd period - Snap shot by Brett Murray.
9:16 of 2nd period - Stopped by Daniel Vladar with a rebound.
9:28 of 2nd period - Snap shot by Juuso Parssinen.
9:28 of 2nd period - Stopped by Daniel Vladar with a rebound.
9:42 of 2nd period - Snap shot by Noah Cates.
9:42 of 2nd period - Shot Hit the Post.
9:44 of 2nd period - Slapshot by Daemon Hunt.
9:44 of 2nd period - Shot Blocked by Tyler Kleven.
9:46 of 2nd period - Wrist shot by Akil Thomas.
9:46 of 2nd period - Goal by Akil Thomas - Philadelphia Phantoms : 3 - Adelaide Pink Elephants : 2.
9:47 of 2nd period - Pontus Holmberg wins face-off versus Ryan Suzuki in neutral zone.
10:02 of 2nd period - Slapshot by Nils Aman.
10:02 of 2nd period - Goal by Nils Aman - Philadelphia Phantoms : 4 - Adelaide Pink Elephants : 2.
10:03 of 2nd period - Noah Cates wins face-off versus Adam Klapka in neutral zone.
10:28 of 2nd period - Fredrik Olofsson is hit by James Malatesta.
10:48 of 2nd period - Snap shot by Juuso Parssinen.
10:48 of 2nd period - Stopped by Daniel Vladar with a rebound.
10:54 of 2nd period - Wrist shot by Juuso Parssinen.
10:54 of 2nd period - Shot Blocked by William Wallinder.
10:56 of 2nd period - Snap shot by Alex Steeves.
10:56 of 2nd period - Stopped by Daniel Vladar with a rebound.
11:16 of 2nd period - Wrist shot by Ryan Suzuki.
11:16 of 2nd period - Stopped by Dennis Hildeby with a rebound.
11:18 of 2nd period - Snap shot by Colton Dach.
11:18 of 2nd period - Shot Misses the Net.
11:20 of 2nd period - Slapshot by Tristen Robins.
11:20 of 2nd period - Shot Misses the Net.
11:42 of 2nd period - Wrist shot by Brandon Duhaime.
11:42 of 2nd period - Shot Hit the Post.
13:16 of 2nd period - Slapshot by William Borgen.
13:16 of 2nd period - Deflect By Adam Klapka.
13:16 of 2nd period - Stopped by Daniel Vladar without a rebound.
13:17 of 2nd period - Fredrik Olofsson wins face-off versus Adam Klapka in Adelaide Pink Elephants zone.
13:30 of 2nd period - Slapshot by Pontus Holmberg.
13:30 of 2nd period - Stopped by Daniel Vladar with a rebound.
13:32 of 2nd period - Wrist shot by Casey Fitzgerald.
13:32 of 2nd period - Deflect By Nils Aman.
13:32 of 2nd period - Shot Misses the Net.
13:32 of 2nd period - Puck is out of play.
13:33 of 2nd period - Noah Cates wins face-off versus James Malatesta in Adelaide Pink Elephants zone.
13:58 of 2nd period - Tyler Kleven is hit by Colton Dach and loses puck.
14:09 of 2nd period - Slapshot by Ryan Suzuki.
14:09 of 2nd period - Stopped by Dennis Hildeby with a rebound.
15:07 of 2nd period - Wrist shot by Juuso Parssinen.
15:07 of 2nd period - Stopped by Daniel Vladar with a rebound.
16:03 of 2nd period - Snap shot by Nils Aman.
16:03 of 2nd period - Deflect By Pontus Holmberg.
16:03 of 2nd period - Stopped by Daniel Vladar with a rebound.
16:38 of 2nd period - Wrist shot by Tye Kartye.
16:38 of 2nd period - Shot Misses the Net.
17:06 of 2nd period - Noah Cates is hit by Brandon Duhaime and loses puck.
17:50 of 2nd period - Juuso Parssinen is hit by Nick Cicek and loses puck.
18:23 of 2nd period - Nick Blankenburg is hit by Cal Clutterbuck and loses puck.
19:14 of 2nd period - Akil Thomas is hit by Alex Steeves and loses puck.
19:25 of 2nd period - Denis Gurianov is hit by Jaret Anderson-Dolan and loses puck.
19:52 of 2nd period - Casey Fitzgerald is hit by Tristen Robins and loses puck.
Goals for this period are 2 for Philadelphia Phantoms vs 1 for Adelaide Pink Elephants.
Shots for this period are 15 for Philadelphia Phantoms vs 5 for Adelaide Pink Elephants.
3rd period
0:01 of 3rd period - Ryan Winterton wins face-off versus Akil Thomas in neutral zone.
0:12 of 3rd period - Tye Kartye is hit by Akil Thomas and loses puck.
0:48 of 3rd period - Nick Blankenburg is hit by Akil Thomas and loses puck.
1:45 of 3rd period - Snap shot by Akil Thomas.
1:45 of 3rd period - Shot Blocked by Tyler Kleven.
1:47 of 3rd period - Wrist shot by Fredrik Olofsson.
1:47 of 3rd period - Shot Misses the Net.
2:18 of 3rd period - Sean Farrell is hit by Alex Steeves and loses puck.
2:50 of 3rd period - Wrist shot by Jaret Anderson-Dolan.
2:50 of 3rd period - Stopped by Daniel Vladar with a rebound.
2:52 of 3rd period - Wrist shot by Brandon Duhaime.
2:52 of 3rd period - Stopped by Daniel Vladar without a rebound.
2:53 of 3rd period - Noah Cates wins face-off versus Ryan Winterton in Adelaide Pink Elephants zone.
3:38 of 3rd period - Sean Farrell is hit by Brandon Duhaime.
4:13 of 3rd period - Minor Penalty to Brett Murray for Delaying the game.
4:14 of 3rd period - Pontus Holmberg wins face-off versus Noah Cates in Philadelphia Phantoms zone.
4:46 of 3rd period - Snap shot by Pontus Holmberg.
4:46 of 3rd period - Shot Misses the Net.
4:48 of 3rd period - Slapshot by Nick Blankenburg.
4:48 of 3rd period - Deflect By Pontus Holmberg.
4:48 of 3rd period - Deflect By Fredrik Olofsson.
4:48 of 3rd period - Shot Misses the Net.
4:48 of 3rd period - Puck is out of play.
4:49 of 3rd period - Fredrik Olofsson wins face-off versus Pontus Holmberg in Adelaide Pink Elephants zone.
4:54 of 3rd period - Pontus Holmberg is hit by Fredrik Olofsson.
5:33 of 3rd period - Wrist shot by Nils Aman.
5:33 of 3rd period - Shot Misses the Net.
6:13 of 3rd period - Penalty to Brett Murray is over, Brett Murray is back on ice.
6:24 of 3rd period - Snap shot by Brett Murray.
6:24 of 3rd period - Deflect By Nils Aman.
6:24 of 3rd period - Stopped by Daniel Vladar with a rebound.
6:45 of 3rd period - Tyler Kleven is hit by Daemon Hunt and loses puck.
7:30 of 3rd period - Ben Gleason is hit by Ryan Winterton and loses puck.
7:55 of 3rd period - Slapshot by Juuso Parssinen.
7:55 of 3rd period - Stopped by Daniel Vladar with a rebound.
10:18 of 3rd period - Minor Penalty to Adam Klapka for Roughing.
10:19 of 3rd period - Noah Cates wins face-off versus Pontus Holmberg in Philadelphia Phantoms zone.
10:20 of 3rd period - Snap shot by Denis Gurianov.
10:20 of 3rd period - Stopped by Dennis Hildeby with a rebound.
10:22 of 3rd period - Slapshot by William Wallinder.
10:22 of 3rd period - Stopped by Dennis Hildeby without a rebound.
10:23 of 3rd period - Pontus Holmberg wins face-off versus Noah Cates in Philadelphia Phantoms zone.
11:45 of 3rd period - Nils Aman is hit by Noah Cates and loses puck.
12:18 of 3rd period - Penalty to Adam Klapka is over, Adam Klapka is back on ice.
12:20 of 3rd period - Wrist shot by Brett Murray.
12:20 of 3rd period - Shot Misses the Net.
12:23 of 3rd period - Icing by Ryan Suzuki.
12:24 of 3rd period - Ryan Suzuki wins face-off versus Adam Klapka in Adelaide Pink Elephants zone.
12:54 of 3rd period - Snap shot by Alex Steeves.
12:54 of 3rd period - Stopped by Daniel Vladar with a rebound.
13:48 of 3rd period - Slapshot by Brandon Duhaime.
13:48 of 3rd period - Stopped by Daniel Vladar with a rebound.
13:50 of 3rd period - Slapshot by Marcus Bjork.
13:50 of 3rd period - Stopped by Daniel Vladar without a rebound.
13:51 of 3rd period - Noah Cates wins face-off versus Pontus Holmberg in Adelaide Pink Elephants zone.
14:00 of 3rd period - Snap shot by Cal Clutterbuck.
14:00 of 3rd period - Goal by Cal Clutterbuck - Philadelphia Phantoms : 4 - Adelaide Pink Elephants : 3.
14:01 of 3rd period - Akil Thomas wins face-off versus Pontus Holmberg in neutral zone.
14:08 of 3rd period - Snap shot by Akil Thomas.
14:08 of 3rd period - Shot Blocked by Nick Blankenburg.
14:33 of 3rd period - Wrist shot by Brandon Duhaime.
14:33 of 3rd period - Shot Misses the Net.
14:35 of 3rd period - Slapshot by Marcus Bjork.
14:35 of 3rd period - Stopped by Daniel Vladar with a rebound.
14:57 of 3rd period - Icing by Tye Kartye.
14:58 of 3rd period - Noah Cates wins face-off versus Ryan Winterton in Philadelphia Phantoms zone.
15:31 of 3rd period - Off-side.
15:32 of 3rd period - Cal Clutterbuck wins face-off versus Adam Klapka in neutral zone.
17:01 of 3rd period - Fredrik Olofsson is hit by Jaret Anderson-Dolan and loses puck.
17:26 of 3rd period - Daemon Hunt is hit by Pontus Holmberg and loses puck.
17:46 of 3rd period - Noah Cates is hit by Juuso Parssinen and loses puck.
18:20 of 3rd period - Minor Penalty to Nick Cicek for Holding.
18:21 of 3rd period - Cal Clutterbuck wins face-off versus Brett Murray in Adelaide Pink Elephants zone.
18:55 of 3rd period - Snap shot by Alex Steeves.
18:55 of 3rd period - Shot Misses the Net.
18:57 of 3rd period - Slapshot by William Borgen.
18:57 of 3rd period - Stopped by Daniel Vladar with a rebound.
18:59 of 3rd period - Slapshot by William Borgen.
18:59 of 3rd period - Goal by William Borgen - Philadelphia Phantoms : 5 - Adelaide Pink Elephants : 3.
19:00 of 3rd period - Pontus Holmberg wins face-off versus Akil Thomas in neutral zone.
19:03 of 3rd period - Slapshot by William Borgen.
19:03 of 3rd period - Stopped by Daniel Vladar with a rebound.
19:05 of 3rd period - Slapshot by Nils Aman.
19:05 of 3rd period - Shot Blocked by Akil Thomas.
19:07 of 3rd period - Slapshot by Pontus Holmberg.
19:07 of 3rd period - Shot Blocked by Robin Salo.
19:09 of 3rd period - Snap shot by James Malatesta.
19:09 of 3rd period - Stopped by Daniel Vladar with a rebound.
19:11 of 3rd period - Slapshot by William Borgen.
19:11 of 3rd period - Shot Misses the Net.
19:13 of 3rd period - Slapshot by Nick Blankenburg.
19:13 of 3rd period - Shot Blocked by Noah Cates.
19:15 of 3rd period - Slapshot by Nils Aman.
19:15 of 3rd period - Stopped by Daniel Vladar without a rebound.
19:16 of 3rd period - Denis Gurianov wins face-off versus Adam Klapka in Adelaide Pink Elephants zone.
Goals for this period are 1 for Philadelphia Phantoms vs 1 for Adelaide Pink Elephants.
Shots for this period are 13 for Philadelphia Phantoms vs 3 for Adelaide Pink Elephants.
Back to the Top